 Dungeon Crawl Stone Soup version 0.31.0-12-g77e489cdc1 (webtiles) character file.

Game seed: 1342031060353017854

277 Ekaitz the Firebug (level 6, -8/43 HPs)
             Began as a Demonspawn Fire Elementalist on Feb 20, 2024.
             Was an Initiate of Vehumet.
             Mangled by a gnoll
             ... wielding a +0 halberd
              (14 damage)
             ... on level 4 of the Dungeon on Feb 21, 2024.
             The game lasted 00:09:30 (2689 turns).

Ekaitz the Firebug (Demonspawn Fire Elementalist)   Turns: 2689, Time: 00:09:30

Health: -8/43      AC:  4    Str:  8    XL:     6   Next: 4%
Magic:  0/9        EV: 11    Int: 26    God:    Vehumet [......]
Gold:   147        SH:  0    Dex: 13    Spells: 4/10 levels left

rFire   . . .        c - +2 short sword (flame)
rCold   + . .        (no shield)
rNeg    . . .        s - +1 leather armour {rC+}
rPois   .            (no helmet)
rElec   .            (no cloak)
rCorr   .            (no gloves)
SInv    .            (no boots)
Will    .....        v - amulet of faith
Stlth   ++           h - +4 ring of slaying
HPRegen 0.27/turn    j - +6 ring of intelligence
MPRegen 0.22/turn

%: guardian spirit, faith
@: no status effects
A: magic shield, magic regeneration, big brain 1
a: Renounce Religion


You were on level 4 of the Dungeon.
You worshipped Vehumet.
Vehumet was noncommittal.
You visited 2 branches of the dungeon, and saw 5 of its levels.

You collected 147 gold pieces.

Inventory:

Hand Weapons
 c - a +2 short sword of flaming (weapon)
 u - a +0 flail of distortion
Missiles
 p - 3 poisoned darts
Armour
 s - a +1 leather armour of cold resistance (worn)
Jewellery
 h - a +4 ring of slaying (left hand)
 j - a +6 ring of intelligence (right hand)
 v - an amulet of faith (around neck)
Wands
 t - a wand of flame (16)
Scrolls
 d - a scroll of vulnerability {unknown}
 f - a scroll of amnesia {unknown}
 g - a scroll of noise {unknown}
 i - a scroll of fog {unknown}
 l - a scroll of teleportation {unknown}
 n - a scroll of blinking {unknown}
 o - a scroll of revelation {unknown}
 r - 3 scrolls of identify {unknown}
Potions
 a - a potion of cancellation {unknown}
 b - a potion of magic
 e - 3 potions of might {unknown}
 k - a potion of enlightenment {unknown}
 m - a potion of mutation {unknown}
 q - a potion of ambrosia {unknown}


   Skills:
 * Level 1.2 Fighting
 + Level 1.1 Short Blades
 + Level 2.1 Dodging
 + Level 2.0 Stealth
 + Level 2.5 Spellcasting
 * Level 3.0 Conjurations
 * Level 0.8 Hexes
 * Level 2.1 Translocations
 * Level 3.7 Fire Magic


You had 4 spell levels left.
You knew the following spells:

 Your Spells              Type           Power      Damage    Failure   Level
a - Foxfire               Conj/Fire      80%        2x1d8     3%          1
b - Scorch                Fire           44%        2d6       4%          2
i - Inner Flame           Hex/Fire       15%        N/A       17%         3

Your spell library contained the following spells:

 Spells                   Type           Power      Damage    Failure   Level
 Apportation              Tloc           28%        N/A       6%          1
 Sting                    Conj/Alch      44%        1d5       8%          1
 Volatile Blastmotes      Fire/Tloc      36%        2d13      13%         3
 Necrotise                Necr           12%        1d4       14%         1
 Summon Small Mammal      Summ           12%        N/A       14%         1
 Ensorcelled Hibernation  Hex/Ice        10%        N/A       19%         2
 Hailstorm                Conj/Ice       11%        3d6       24%         3
 Flame Wave               Conj/Fire      20%        2d7       34%         4
 Passwall                 Erth           3%         N/A       41%         3
 Summon Ice Beast         Ice/Summ       3%         N/A       41%         3
 Swiftness                Air            3%         N/A       41%         3
 Sculpt Simulacrum        Ice/Alch       1%         N/A       100%        6


Dungeon Overview and Level Annotations

Branches:
Dungeon (4/15)             Temple (1/1) D:4

Altars:
Dithmenos
Fedhas
Gozag
Hepliaklqana
Makhleb
Qazlal
Trog
Vehumet
Yredelemnul

Shops:
D:1 [:[?[   D:4 *


Innate Abilities, Weirdness & Mutations

When hurt, damage is shared between your health and your magic reserves.
You regenerate magic rapidly.
You have an unusually large brain. (Int +2)


Message History

Flames lash the gnoll.
The gnoll is severely wounded.
The gnoll's fire resistance burns away.
The gnoll barely misses you.
Unknown command.
Casting: Scorch (safe; 4% risk of failure)
Confirm with . or Enter, or press ? or * to list all spells.
You conjure some foxfire!
The gnoll hits you from afar with a +0 spear!
The foxfire hits the gnoll.
The gnoll is severely wounded.
The foxfire hits the gnoll.
The gnoll is almost dead.
The gnoll hits you from afar with a +0 spear.
Your magical contamination has completely faded away.
Unknown command.
Casting: Foxfire (safe; 3% risk of failure)
Confirm with . or Enter, or press ? or * to list all spells.
You conjure some foxfire!
The gnoll hits you but does no damage.
The foxfire hits the gnoll.
You kill the gnoll!
Vehumet accepts your kill.
The foxfire hits the gnoll.
The gnoll is heavily wounded.
Unknown command.
The gnoll is no longer more vulnerable to fire.
The gnoll hits you with a +0 halberd!
The gnoll hits you from afar with a +0 spear.
You closely miss the gnoll.
The gnoll is heavily wounded.
The gnoll barely misses you. x2
You hit the gnoll. You burn the gnoll.
The gnoll is severely wounded.
The gnoll hits you with a +0 halberd!
* * * LOW HITPOINT WARNING * * *
The gnoll closely misses you.
Unknown command.
The gnoll barely misses you. The gnoll attacks as it pursues you!
The gnoll hits you from afar with a +0 halberd!
You die...

.#. #######.....
#....))...#
###.##.##..# #g#
# # #.# ## #g# .
#.# #@# #.# ...
###.#####.# g..#
#.......#.# ...#
## #######.#.#
...# #. #.#.#
##..# ## #.#.#
...# #
#######.#.####.##
#
#.<.............#
#
#######.#.####..#
#


You could see 2 gnolls.

Vanquished Creatures
  An orc priest (D:4)
  A hound (D:4)
  2 orc wizards
  7 adders
  2 gnolls (D:4)
  2 dart slugs
  2 ribbon worms (D:2)
  7 orcs
  4 endoplasms
  A giant cockroach (D:3)
  5 goblins
  8 hobgoblins
  6 jackals
  3 quokkas
  8 ball pythons
  3 bats
  3 frilled lizards
  6 kobolds
  3 rats
74 creatures vanquished.

Vanquished Creatures (others)
  139 foxfires
139 creatures vanquished.

Grand Total: 213 creatures vanquished

Notes
Turn   | Place    | Note
-------+----------+-------------------------------------------
     0 | D:1      | Ekaitz the Demonspawn Fire Elementalist began the quest for
                  | the Orb.
     0 | D:1      | Reached XP level 1. HP: 13/13 MP: 3/3
    14 | D:1      | Found Penwohuq's Magic Scroll Shop.
   199 | D:1      | Found Kunot's Antique Armour Shoppe.
   214 | D:1      | Found Sewikhlukk's Armour Emporium.
   243 | D:1      | Found Cocup's Armour Boutique.
   296 | D:1      | Gained mutation: You regenerate magic rapidly. [demonic
                  | ancestry]
   296 | D:1      | Reached XP level 2. HP: 15/19 MP: 1/5
   299 | D:1      | Learned a level 2 spell: Scorch
   334 | D:1      | Found Deyhass's Book Emporium.
   650 | D:2      | Reached XP level 3. HP: 25/25 MP: 0/6
   654 | D:2      | Learned a level 3 spell: Inner Flame
   897 | D:2      | Found a faded altar of an unknown god.
   949 | D:2      | Reached skill level 1 in Fighting
  1023 | D:2      | Gained mutation: You have an unusually large brain. (Int
                  | +2) [demonic ancestry]
  1023 | D:2      | Reached XP level 4. HP: 17/32 MP: 7/7
  1163 | D:2      | Reached skill level 1 in Short Blades
  2199 | D:4      | Found Dyetos's Elemental Accessories.
  2205 | D:4      | Reached skill level 1 in Translocations
  2205 | D:4      | Gained mutation: When hurt, damage is shared between your
                  | health and your magic reserves. [demonic ancestry]
  2205 | D:4      | Reached XP level 5. HP: 37/37 MP: 4/8
  2205 | D:4      | Found a staircase to the Ecumenical Temple.
  2320 | Temple   | Entered the Ecumenical Temple
  2363 | Temple   | Became a worshipper of Vehumet
  2672 | D:4      | Reached XP level 6. HP: 43/43 MP: 6/9
  2689 | D:4      | Mangled by a gnoll

Illustrated notes

Levels and vault maps discovered:
D:1:      lightli_arrival_statue_moat, layout_basic, serial_shops,
          nicolae_shop_tiny_real_fake_doors, nicolae_square_shop,
          nicolae_shop_tiny_statue_garden, shop, shop,
          chequers_serial_rivers_micro_b, minmay_small_reverse_x
D:2:      layout_loops_ring, hellmonk_ecumenical_altar_heavens_door
D:3:      layout_loops_ring, hangedman_decor_growths
D:4:      layout_basic, minmay_temple_entry_ruins, serial_library,
          serial_library_hellmonk_u_bend, serial_library_hellmonk_metal_room,
          serial_library_hellmonk_open_cross,
          serial_library_hellmonk_long_bookcase,
          serial_library_hellmonk_statue_hall,
          serial_library_hellmonk_layered_room,
          serial_library_hellmonk_recessed_alcove, nicolae_elemental_shop
Temple:   hellmonk_temple_flake

Skill      XL: |  1  2  3  4  5 |
---------------+----------------+-----
Dodging        | 2 |  2.1
Fire Magic     | 3 |  3.7
Conjurations   | 2 3 |  3.0
Fighting       | 1 |  1.2
Short Blades   | 1 |  1.1
Stealth        | 2 |  2.0
Translocations | 1 2 |  2.1
Spellcasting   | |  2.5
Hexes          | |  0.8

Action                     |  1- 3 |  4- 6 || total
---------------------------+-------+-------++-------
  Melee: Short sword       |    39 |    27 ||    66
         Punch             |       |     1 ||     1
   Cast: Foxfire           |    30 |    46 ||    76
         Scorch            |     5 |    19 ||    24
   Stab: Sleeping          |     4 |     1 ||     5
 Armour: Robe              |    17 |     7 ||    24
         Leather armour    |       |    32 ||    32
  Dodge: Dodged            |    31 |    26 ||    57
